 Dungeon Crawl Stone Soup version 0.30-a0-4-ga7cffc901d (webtiles) character file.

Game seed: 3528311423901893867

21 Setbun the Sneak (level 3, -1/20 HPs)
             Began as a Kobold Enchanter on Aug 20, 2022.
             Slain by a hobgoblin (2 damage)
             ... on level 2 of the Dungeon.
             The game lasted 00:01:16 (1224 turns).

Setbun the Sneak (Kobold Enchanter)                 Turns: 1224, Time: 00:01:17

Health: -1/20      AC:  2    Str:  5    XL:     3   Next: 5%
Magic:  6/6        EV: 15    Int: 16    God:
Gold:   64         SH:  0    Dex: 17    Spells: 6/6 levels left

rFire   . . .      SeeInvis .    a - +1 dagger
rCold   . . .      Faith    .    (no shield)
rNeg    . . .      Spirit   .    b - +0 robe
rPois   .          Reflect  .    (no helmet)
rElec   .          Harm     .    (no cloak)
rCorr   .          Rampage  .    (no gloves)
Will    .....                    (no boots)
Stlth   ++++......               (no amulet)
HPRegen 0.06/turn                (no ring)
MPRegen 0.10/turn                (no ring)

@: no status effects
A: small, no large weapons, nightstalker 3
a: no special abilities


You were on level 2 of the Dungeon.
You visited 1 branch of the dungeon, and saw 2 of its levels.

You collected 64 gold pieces.

Inventory:

Hand Weapons
 a - a +1 dagger (weapon)
Armour
 b - a +0 robe (worn)
Jewellery
 g - an amulet of reflection
Scrolls
 d - 2 scrolls of teleportation {unknown}
 e - a scroll of identify {unknown}
 h - a scroll of poison {unknown}
Potions
 c - 2 potions of invisibility
 f - a potion of degeneration {unknown}


   Skills:
 + Level 0.9 Fighting
 + Level 1.9 Short Blades
 * Level 3.0 Dodging
 * Level 4.6 Stealth
 - Level 2.1 Spellcasting
 - Level 3.0 Hexes


You had 6 spell levels left.
You didn't know any spells.
Your spell library contained the following spells:

 Spells                   Type           Power      Damage    Failure   Level
 Ensorcelled Hibernation  Hex/Ice        12%        N/A       17%         2
 Confusing Touch          Hex            11%        N/A       19%         3
 Tukima's Dance           Hex            11%        N/A       19%         3
 Dazzling Flash           Conj/Hex       12%        N/A       32%         3


Dungeon Overview and Level Annotations

Branches:
Dungeon (2/15)

Altars:


Innate Abilities, Weirdness & Mutations

You are small and have problems with some larger weapons.
You are completely attuned to the shadows.


Message History

You hit the worm.
The worm is heavily wounded.
The frilled lizard barely misses you. The worm barely misses you.
You barely miss the worm.
The worm is heavily wounded.
The frilled lizard bites you.
You hit the worm.
The worm is severely wounded.
The worm bites you.
The frilled lizard completely misses you.
You hit the worm.
The worm is severely wounded.
The frilled lizard closely misses you.
You hit the worm.
The worm is almost dead.
The worm barely misses you.
You hit the worm.
You kill the worm!
The frilled lizard bites you.
* * * LOW HITPOINT WARNING * * *
Your Dodging skill increases to level 3!
You hit the frilled lizard.
You kill the frilled lizard!
You have reached level 3!
Your experience leads to an increase in your attributes!
Increase (S)trength, (I)ntelligence, or (D)exterity?
You feel agile. x2
You hit the goblin.
The goblin is heavily wounded.
The goblin barely misses you.
You hit the goblin.
You kill the goblin!
You see here a +0 dagger.
You start resting.
A hobgoblin comes into view.
The hobgoblin shouts!
You hit the hobgoblin but do no damage. The hobgoblin hits you.
* * * LOW HITPOINT WARNING * * *
You barely miss the hobgoblin. The hobgoblin hits you.
You die...

####### ##### #
#.....# #####...### #
##.###.# ##......... #
#......####...#....# #
#..#........#.#.#).#
###..#.#.####...#....#
......†#.# ###g#.##.#
......†..# #.@....>.
##.......# ###.#####
...####### #.# ##.#
#.# .#


You could see a hobgoblin.

Vanquished Creatures
  A worm (D:2)
  An endoplasm (D:1)
  A giant cockroach (D:1)
  A goblin (D:2)
  A hobgoblin (D:2)
  A quokka (D:1)
  3 ball pythons (D:1)
  3 bats
  3 frilled lizards
  2 kobolds (D:1)
  3 rats
20 creatures vanquished.

Notes
Turn   | Place    | Note
-------+----------+-------------------------------------------
     0 | D:1      | Setbun the Kobold Enchanter began the quest for the Orb.
     0 | D:1      | Reached XP level 1. HP: 10/10 MP: 3/3
   341 | D:1      | Reached XP level 2. HP: 16/16 MP: 5/5
   873 | D:1      | Found a faded altar of an unknown god.
  1206 | D:2      | Reached XP level 3. HP: 4/20 MP: 6/6
  1223 | D:2      | HP: 1/20 [hobgoblin (4)]
  1224 | D:2      | Slain by a hobgoblin

Illustrated notes

Levels and vault maps discovered:
D:1:      eino_arrival_cavern_b, layout_basic,
          shapermc_ecumenical_altar_starsandcircs, minivault_11
D:2:      layout_loops_cross, minmay_misc_feat_room, kennysheep_potato

Skill      XL: |  1  2 |
---------------+-------+-----
Dodging        | 3 |  3.0
Fighting       | |  0.9
Short Blades   | |  1.9
Stealth        | |  4.6
Spellcasting   | |  2.1
Hexes          | |  3.0

Action                   || total
-------------------------++-------
Melee: Dagger            ||    47
       Punch             ||     1
 Stab: Sleeping          ||     6
Armor: Robe              ||     1
Dodge: Dodged            ||    30

Table legend: (Time is in decaauts)
 A = Elapsed time spent in this place.
 B = Non-inter-level travel time spent in this place.
 C = Inter-level travel time spent in this place.
 D = Time resting spent in this place.
 E = Time spent auto-exploring this place.
 F = Levels seen in this place.
 G = Mean time per level.
                   A        B        C        D        E       F      G
               +--------+--------+--------+--------+--------+-----+--------+
         Total |   1223 |   1215 |      8 |    229 |    874 |   2 |  611.5 |
       Dungeon |   1223 |   1215 |      8 |    229 |    874 |   2 |  611.5 |
               +--------+--------+--------+--------+--------+-----+--------+

Top non-repeatable levels by time:
     D:1: 1108 daAuts
     D:2: 114 daAuts
